 Dungeon Sprint DCSS version 0.27.1-33-g824d729ab1 (webtiles) character file.

Game seed: 6538807808191802457

5894 boopmooplesden the Stickfighter (level 10, -5/104 HPs)
             Began as a Minotaur Gladiator on Dec 4, 2021.
             Was a High Priest of Okawaru.
             Slain by a red devil (16 damage)
             ... in the Dungeon (Sprint VII: "The Pits").
             The game lasted 00:05:15 (1065 turns).

boopmooplesden the Stickfighter (MiGl)              Turns: 1065, Time: 00:05:17

Health: -5/104     AC: 23    Str: 22    XL:     10   Next: 53%
Magic:  9/10       EV: 13    Int:  5    God:    Okawaru [*****.]
Gold:   0          SH:  0    Dex: 12    Spells: 9/9 levels left

rFire    . . .     SeeInvis .   o - +2 quarterstaff (speed)
rCold    . . .     Faith    .   (shield currently unavailable)
rNeg     . . .     Spirit   .   f - +2 plate armour
rPois    .         Reflect  .   c - +0 hat
rElec    .         Harm     .   y - +0 cloak
rCorr    .         Rampage  .   x - +0 pair of gloves
Will     .....     NoTele   +   (no boots)
Stlth    ..........             (no amulet)
HPRegen  0.27/turn              (no ring)
MPRegen  0.12/turn              (no ring)

@: heroic
A: horns 2, retaliatory headbutt
a: Renounce Religion, Heroism, Finesse


You were in the Dungeon.
You worshipped Okawaru.
Okawaru was extremely pleased with you.
You visited 1 branch

Inventory:

Hand Weapons
 a - a +0 quarterstaff
 k - a +2 quarterstaff
 o - a +2 quarterstaff of speed (weapon)
 u - the +2 scimitar of Gelipanu {spect, rF+ rN+ SInv}
   (You found it in the Dungeon)

   When its wielder attacks, the weapon's spirit leaps out and strikes again.
   The spirit shares a part of any damage it takes with its wielder.
   rF:        It protects you from fire.
   rN:        It protects you from negative energy.
   SInv:      It lets you see invisible.
 v - a +0 lajatang
Missiles
 d - 3 throwing nets (quivered)
Armour
 b - a +0 leather armour
 c - a +0 hat (worn)
 f - a +2 plate armour (worn)
 w - a +4 scale mail
 x - a +0 pair of gloves (worn)
 y - a +0 cloak (worn)
Jewellery
 q - a +3 ring of dexterity
 r - a +3 ring of protection
Scrolls
 j - a scroll of blinking
 m - 5 scrolls of amnesia
 n - a scroll of summoning
Potions
 e - 7 potions of curing
 g - a potion of haste
 h - 4 potions of magic
 i - 3 potions of berserk rage
 l - 2 potions of invisibility
 p - a potion of heal wounds
 s - 2 potions of brilliance
 t - 2 potions of might


   Skills:
 + Level 14.5(19.5) Fighting
 + Level 17.8(22.8) Staves
 + Level 5.0(10.0) Throwing
 + Level 12.6(17.6) Armour
 + Level 11.2(16.2) Dodging
 + Level 2.5 Invocations


You had 9 spell levels left.
You didn't know any spells.
Your spell library was empty.

Dungeon Overview and Level Annotations

Branches:
Dungeon (1/1)

Altars:
Ashenzari
Cheibriados
Dithmenos
Elyvilon
Fedhas
Gozag
Hepliaklqana
Kikubaaqudgha
Makhleb
Nemelex Xobeh
Okawaru
Qazlal
Ru
Sif Muna
Trog
Uskayaw
Vehumet
Wu Jian
Xom
Yredelemnul
Zin
The Shining One
Beogh
Jiyva
Lugonu


Innate Abilities, Weirdness & Mutations

You have a pair of horns on your head.
You reflexively headbutt those who attack you in melee.


Message History

The demonic crawler closely misses you. You furiously retaliate!
You headbutt the demonic crawler. The demonic crawler barely misses you.
The demonic crawler misses you.
You barely miss the demonic crawler.
You headbutt the demonic crawler, but do no damage.
The demonic crawler is moderately wounded.
The red devil barely misses you. The kobold brigand closely misses you.
You bludgeon the demonic crawler!!
The demonic crawler is severely wounded.
The demonic crawler barely misses you. The demonic crawler closely misses you.
The demonic crawler hits you but does no damage.
You hit the demonic crawler. You headbutt the demonic crawler.
The demonic crawler is severely wounded.
The kobold brigand barely misses you. The red devil barely misses you.
You sock the demonic crawler!
You kill the demonic crawler!
Okawaru accepts your kill.
You hit the kobold brigand.
The kobold brigand is lightly wounded.
You hit the kobold brigand.
The kobold brigand is lightly wounded.
The red devil closely misses you.
The kobold brigand hits you but does no damage.
You bludgeon the kobold brigand!!
The kobold brigand is almost dead.
You bludgeon the kobold brigand!!
You kill the kobold brigand!
Okawaru accepts your kill. The red devil closely misses you.
You hit the lindwurm but do no damage.
You headbutt the lindwurm, but do no damage.
You sock the lindwurm!
The lindwurm is moderately wounded.
You hit the lindwurm. You headbutt the lindwurm.
The lindwurm is heavily wounded.
The lindwurm breathes flames at you. The blast of flame hits you!
* * * LOW HITPOINT WARNING * * *
The red devil hits you from afar with a +0 trident!
You die...

.............+ .............+
...#..#......# .............#
'#####''######
....##''################ ###
....##..#.........)....###..#
....##..##......))).)...#..#
<...##..####...#@######...#
....##..#..#####k## ##'##
....##..#....##.4.# #...#
....##..'.....#...# #...#
######..'.....'...' '...'
######..'.....#...#. .#...#.
..[.##..#....##...#.K.#...#..
....##..#..#####.##.. ##K##
#. ...)##..####..†#+######.KK
..


You could see a lindwurm (catching breath) and a red devil.

Vanquished Creatures
  A hydra (D)
  A sea snake (D)
  A deep elf zephyrmancer (D)
  5 kobold demonologists (D)
  An ice devil (D)
  A demonic crawler (D)
  A jumping spider (D)
  A hellwing (D)
  A troll (D)
  A snapping turtle (D)
  A flying skull (D)
  A ynoxinul (D)
  A tarantella (D)
  A fire bat (D)
  2 vampire mosquitoes (D)
  A floating eye (D)
  An ice beast (D)
  A sky beast (D)
  A wolf (D)
  2 kobold brigands (D)
  2 scorpions (D)
  3 killer bees (D)
  A jelly (D)
  A quasit (D)
  An iguana (D)
  An adder (D)
  A gnoll (D)
  A white imp (D)
  2 ufetubi (D)
  A worm (D)
  A bat zombie (D)
  2 giant cockroaches (D)
  A goblin (D)
  2 hobgoblins (D)
  7 kobolds (D)
  2 quokkas (D)
  2 rats (D)
57 creatures vanquished.

Notes
Turn   | Place    | Note
-------+----------+-------------------------------------------
     0 | D        | boopmooplesden the Minotaur Gladiator began the quest for
                  | the Orb.
     0 | D        | Reached XP level 1. HP: 18/18 MP: 0/0
    12 | D        | Reached skill level 4 in Staves
    38 | D        | Found a bloodstained altar of Trog.
    38 | D        | Found a shimmering blue altar of Sif Muna.
    38 | D        | Found a viscous altar of Jiyva.
    38 | D        | Found a hazy altar of Hepliaklqana.
    38 | D        | Found an opulent altar of Gozag.
    39 | D        | Found a glowing golden altar of the Shining One.
    39 | D        | Found a glowing silver altar of Zin.
    39 | D        | Found a basalt altar of Yredelemnul.
    39 | D        | Found a shimmering altar of Xom.
    39 | D        | Found an ornate altar of the Wu Jian Council.
    39 | D        | Found a sacrificial altar of Ru.
    39 | D        | Found a stormy altar of Qazlal.
    39 | D        | Found an iron altar of Okawaru.
    39 | D        | Found a sparkling altar of Nemelex Xobeh.
    39 | D        | Found a burning altar of Makhleb.
    39 | D        | Found a blossoming altar of Fedhas.
    39 | D        | Found a white marble altar of Elyvilon.
    39 | D        | Found a shadowy altar of Dithmenos.
    39 | D        | Found a snail-covered altar of Cheibriados.
    40 | D        | Found a radiant altar of Vehumet.
    40 | D        | Found a corrupted altar of Lugonu.
    41 | D        | Found a hide-covered altar of Uskayaw.
    41 | D        | Found an ancient bone altar of Kikubaaqudgha.
    41 | D        | Found a broken altar of Ashenzari.
    45 | D        | Became a worshipper of Warmaster Okawaru
    57 | D        | Noticed a scorpion
    63 | D        | Killed a scorpion
    63 | D        | Reached * piety under Okawaru
    64 | D        | Reached skill level 6 in Staves
    64 | D        | Reached skill level 1 in Armour
    64 | D        | Reached skill level 5 in Dodging
    64 | D        | Reached XP level 2. HP: 23/27 MP: 1/1
    64 | D        | Reached XP level 3. HP: 29/33 MP: 2/2
    64 | D        | Noticed a floating eye
    67 | D        | Killed a floating eye
    68 | D        | Reached skill level 8 in Staves
    68 | D        | Reached XP level 4. HP: 35/41 MP: 3/3
    68 | D        | Reached XP level 5. HP: 40/47 MP: 4/4
   167 | D        | Reached ** piety under Okawaru
   168 | D        | Reached skill level 5 in Fighting
   168 | D        | Reached skill level 9 in Staves
   194 | D        | Noticed an ice devil
   204 | D        | Killed an ice devil
   204 | D        | Reached *** piety under Okawaru
   205 | D        | Reached skill level 11 in Staves
   205 | D        | Reached XP level 6. HP: 25/60 MP: 5/5
   223 | D        | Noticed a jumping spider
   234 | D        | Reached skill level 12 in Staves
   234 | D        | Reached XP level 7. HP: 51/66 MP: 6/6
   236 | D        | Reached skill level 10 in Dodging
   268 | D        | Killed a jumping spider
   269 | D        | Reached skill level 13 in Staves
   269 | D        | Reached skill level 5 in Throwing
   318 | D        | Got the +2 scimitar of Gelipanu {spect, rF+ rN+ SInv}
   373 | D        | Noticed a fire bat
   382 | D        | Reached **** piety under Okawaru
   383 | D        | Reached XP level 8. HP: 68/78 MP: 7/7
   392 | D        | Reached skill level 14 in Staves
   392 | D        | Reached skill level 5 in Armour
   472 | D        | Reached skill level 10 in Fighting
   540 | D        | Noticed a troll
   550 | D        | Killed a troll
   551 | D        | Reached skill level 15 in Staves
   717 | D        | Noticed a hellwing
   717 | D        | Noticed a sea snake
   717 | D        | Noticed a seven-headed hydra
   717 | D        | Noticed a snapping turtle
   728 | D        | Killed a seven-headed hydra
   729 | D        | Reached skill level 16 in Staves
   729 | D        | Reached XP level 9. HP: 70/90 MP: 5/8
   735 | D        | Killed a sea snake
   735 | D        | Reached ***** piety under Okawaru
   736 | D        | Reached skill level 1 in Invocations
   761 | D        | Killed a hellwing
   762 | D        | Reached skill level 10 in Armour
   776 | D        | Reached skill level 17 in Staves
   786 | D        | Noticed a kobold demonologist
   798 | D        | Killed a kobold demonologist
   799 | D        | Reached XP level 10. HP: 23/101 MP: 7/10
   999 | D        | Noticed a deep elf zephyrmancer
  1000 | D        | Noticed an eye of devastation
  1019 | D        | Noticed a sun demon
  1023 | D        | Noticed a sun demon
  1029 | D        | Killed a deep elf zephyrmancer
  1036 | D        | Noticed an orange demon
  1046 | D        | Identified the +6 quarterstaff of Malaise {flame, rF++}
                  | (Okawaru gifted it to you in the Dungeon)
  1046 | D        | Received a gift from Okawaru
  1047 | D        | Noticed a lindwurm
  1065 | D        | Slain by a red devil

Illustrated notes

Levels and vault maps discovered:
D:        pitsprint [storerooms_1, entrance_room_1, metal_vault_1, armoury_2,
          mini_pit_1, grid_room_1, main_hall_1, silver_pit, the_coven_1,
          the_vestibule_1, steel_vault_3, golden_pit, hallway_of_sentries,
          crystal_vault_1, iron_vault_1, final_vault]

Skill      XL: |  1  2  3  4  5  6  7  8  9 10 |
---------------+-------------------------------+-----
Staves         | 6 8 11 12 13 16 17 | 17.8
Fighting       | 3 4 7 9 11 13 14 | 14.5
Throwing       | 3 4 5 |  5.0
Armour         | 1 2 3 4 8 10 12 | 12.6
Dodging        | 5 7 9 10 11 | 11.2
Invocations    | 1 2 |  2.5

Action                   |  1- 3 |  4- 6 |  7- 9 | 10-12 || total
-------------------------+-------+-------+-------+-------++-------
Melee: Quarterstaff      |     9 |    40 |   125 |    45 ||   219
       Headbutt          |     2 |     5 |    31 |    12 ||    50
Invok: Heroism           |       |       |     3 |     2 ||     5
  Use: Potion            |     1 |     1 |     4 |     3 ||     9
Armor: Leather armour    |     2 |       |       |       ||     2
       Plate armour      |       |    16 |    60 |    31 ||   107
Dodge: Dodged            |     8 |    12 |    63 |    36 ||   119
